 Dungeon Crawl Stone Soup version 0.30-a0-373-gd37427bb62 (webtiles) character file.

Game seed: 2874543035628597675

23 qeuew the Trooper (level 3, 24/33 HPs)
             Began as a Ghoul Monk on Nov 25, 2022.
             Quit the game on level 1 of the Dungeon.
             The game lasted 00:01:12 (434 turns).

qeuew the Trooper (Ghoul Monk)                       Turns: 434, Time: 00:01:12

Health: 24/33      AC:  2    Str: 16    XL:     3   Next: 0%
Magic:  2/2        EV: 12    Int:  5    God:
Gold:   29         SH:  0    Dex: 11    Spells: 2/2 levels left

rFire   . . .      SeeInvis .      - Unarmed
rCold   + . .      Faith    .    (no shield)
rNeg    + + +      Spirit   .    a - +0 robe
rPois   ∞          Reflect  .    (no helmet)
rElec   .          Harm     .    (no cloak)
rCorr   .          Rampage  .    (no gloves)
Will    .....                    (no boots)
Stlth   ++........               (no amulet)
HPRegen 0.25/turn                (no ring)
MPRegen 0.08/turn                (no ring)

@: no status effects
A: claws 1, cold resistance 1, negative energy resistance 3, inhibited
regeneration, torment resistance 2, devour on kill
a: no special abilities


You were on level 1 of the Dungeon.
You visited 1 branch of the dungeon, and saw 2 of its levels.

You collected 29 gold pieces.

Inventory:

Armour
 a - a +0 robe (worn)
Potions
 b - a potion of ambrosia


   Skills:
 * Level 3.7 Fighting
 + Level 0.6 Armour
 + Level 2.9 Dodging
 - Level 2.1 Stealth
 * Level 3.6 Unarmed Combat


You had 2 spell levels left.
You didn't know any spells.
Your spell library contained the following spells:

 Spells                   Type           Power      Damage    Failure   Level
 Magic Dart               Conj           0%         1d3       47%         1
 Call Imp                 Summ           0%         N/A       63%         2
 Cigotuvi's Dreadful Rot  Necr/Pois/Air  0%         N/A       63%         2
 Poisonous Vapours        Pois/Air       0%         N/A       63%         2
 Mephitic Cloud           Conj/Pois/Air  0%         N/A       85%         3


Dungeon Overview and Level Annotations

Branches:
Dungeon (2/15)

Altars:

Annotations:
D:2 Robin


Innate Abilities, Weirdness & Mutations

You are immune to poison.
You have sharp fingernails.
Your flesh is cold resistant. (rC+)
You are immune to negative energy. (rN+++)
You do not regenerate when monsters are visible.
You are immune to unholy pain and torment.
You thrive by killing the living.


Message History

It was a scroll of immolation.
It was a potion of curing.
You feel better.
It was a potion of attraction.
You feel attractive to monsters.
You drop a potion of mutation.
(D) Dungeon
Where to? (? - help)
What level of the Dungeon? (default 1, ? - help)
You swap places.
Your ball python's inner flame fades away.
Your ball python dissolves into shadows!
Your bat dissolves into shadows!
Your frilled lizard dissolves into shadows!
You feel less attractive to monsters.
Your giant cockroach's inner flame fades away.
There is a stone staircase leading down here.
You climb downwards.
Your summoned ally is left behind.
The goblin shouts! x5; You hear a shout! x3; The goblin shouts!
Found a wooden wand and a short sword.
There is a stone staircase leading up here.
There are monsters nearby! 2 goblins come into view.
The goblin shouts! x2
There is a stone staircase leading up here.
The goblin hits you with a +0 club. The goblin hits you with a +0 dagger.
You climb upwards.
There is a stone staircase leading down here.
You barely miss the goblin. The goblin hits you but does no damage.
The goblin hits you with a +0 club.
You scratch the goblin but do no damage.
The goblin hits you with a +0 dagger. The goblin misses you.
You claw the goblin!
You kill the goblin!
You scratch the goblin.
You kill the goblin!
You have reached level 3!
Your experience leads to an increase in your attributes!
Increase (S)trength, (I)ntelligence, or (D)exterity?
You feel stronger. x2
Are you sure you want to abandon this character and quit the game? (Confirm with "yes".)

####...........#######..####.###
#..........÷..##......)........#
#####.......÷.#.........##.....#
## #...................###....#
.# #...................# #....#
)# #.####.###..........# #....#
.####.# #.# #..........# ######
...##.# ##.# #..........#
##..#.###..# ##.@......##
##.....#.## #..))......#
###...#.# #..........#
##..#.####..(.......#
#..................#
#.>...###..........# ##....#
##........## ###### ##......##
########


There were no monsters in sight!

Vanquished Creatures
  A ball python (D:1)
  An endoplasm (D:1)
  2 giant cockroaches (D:1)
  3 hobgoblins (D:1)
  2 kobolds (D:1)
  2 quokkas (D:1)
  3 bats (D:1)
  4 goblins (D:1)
  3 rats (D:1)
21 creatures vanquished.

Notes
Turn   | Place    | Note
-------+----------+-------------------------------------------
     0 | D:1      | qeuew the Ghoul Monk began the quest for the Orb.
     0 | D:1      | Reached XP level 1. HP: 19/19 MP: 0/0
    69 | D:1      | Reached XP level 2. HP: 26/26 MP: 1/1
   425 | D:2      | Noticed Robin
   434 | D:1      | Reached XP level 3. HP: 24/33 MP: 2/2
   434 | D:1      | Quit the game

Illustrated notes

Levels and vault maps discovered:
D:1:      dpeg_arrival_orchard, layout_rooms
D:2:      layout_basic, shapermc_ecumenical_altar_gd, minmay_tetromino_s2,
          uniq_robin

Action                   || total
-------------------------++-------
Melee: Unarmed           ||    54
  Use: Scroll            ||     4
       Potion            ||     2
 Stab: Sleeping          ||     2
Armor: Robe              ||    18
Dodge: Dodged            ||    35

Table legend: (Time is in decaauts)
 A = Elapsed time spent in this place.
 B = Non-inter-level travel time spent in this place.
 C = Inter-level travel time spent in this place.
 D = Time resting spent in this place.
 E = Time spent auto-exploring this place.
 F = Levels seen in this place.
 G = Mean time per level.
                   A        B        C        D        E       F      G
               +--------+--------+--------+--------+--------+-----+--------+
         Total |    430 |    395 |     35 |      0 |    255 |   2 |  215.0 |
       Dungeon |    430 |    395 |     35 |      0 |    255 |   2 |  215.0 |
               +--------+--------+--------+--------+--------+-----+--------+

Top non-repeatable levels by time:
     D:1: 427 daAuts
     D:2: 3 daAuts
